 Dungeon Crawl Stone Soup version 0.29-a0-43-g62a80824bf (webtiles) character file.

Game seed: 18009561263176923211

104 bande the Covered (level 4, 0/29 HPs)
             Began as a Gargoyle Fighter on Feb 2, 2022.
             Slain by an orc wizard (2 damage)
             ... on level 3 of the Dungeon.
             The game lasted 00:03:07 (2363 turns).

bande the Covered (Gargoyle Fighter)                Turns: 2363, Time: 00:03:08

Health: 0/29       AC: 12    Str: 20    XL:     4   Next: 80%
Magic:  4/4        EV:  9    Int:  8    God:
Gold:   82         SH:  4    Dex: 11    Spells: 3/3 levels left

rFire   . . .      SeeInvis .   a - +0 war axe (flame)
rCold   . . .      Faith    .   c - +0 buckler
rNeg    + . .      Spirit   .   b - +0 scale mail
rPois   ∞          Reflect  .   l - +2 hat
rElec   +          Harm     .   (no cloak)
rCorr   .          Rampage  .   (no gloves)
Will    .....                   (no boots)
Stlth   ..........              g - amulet of regeneration
HPRegen 0.89/turn               (no ring)
MPRegen 0.09/turn               (no ring)

@: no status effects
A: sickness immunity, AC +3, negative energy resistance 1, electricity
resistance, torment resistance 1, petrification resistance
a: no special abilities


You were on level 3 of the Dungeon.
You visited 1 branch of the dungeon, and saw 3 of its levels.

You collected 82 gold pieces.

Inventory:

Hand Weapons
 a - a +0 war axe of flaming (weapon)
Armour
 b - a +0 scale mail (worn)
 c - a +0 buckler (worn)
 l - a +2 hat (worn)
Jewellery
 g - an amulet of regeneration (around neck)
Scrolls
 f - a scroll of summoning
 h - 2 scrolls of identify
Potions
 d - a potion of might
 i - a potion of cancellation
 k - a potion of curing {unknown}


   Skills:
 + Level 3.8 Fighting
 + Level 3.4 Axes
 + Level 4.0 Armour
 + Level 3.4 Shields


You had 3 spell levels left.
You didn't know any spells.
Your spell library was empty.

Dungeon Overview and Level Annotations

Branches:
Dungeon (3/15)

Altars:


Innate Abilities, Weirdness & Mutations

You are immune to sickness and miasma.
Your stone body is resilient. (AC +3)
You are immune to poison.
You resist negative energy. (rN+)
You are resistant to electric shocks. (rElec)
You are resistant to unholy torment.
You are immune to petrification.


Message History

The orc wizard is moderately wounded.
The orc wizard hits you but does no damage.
The orc closely misses you. The orc hits you with a +0 trident.
The orc wizard completely misses you.
You see here a fizzy cyan potion.
You hit the orc but do no damage. You barely miss the orc wizard.
The orc barely misses you.
An adder comes into view.
The orc wizard barely misses you. The orc completely misses you.
You barely miss the orc. You miss the orc wizard.
The adder hisses angrily.
The orc wizard casts a spell at you. The magic dart hits you.
You block the orc's attack.
Unknown command.
You hit the orc but do no damage. You slash the orc wizard!
You burn the orc wizard.
The orc wizard gestures at you while chanting.
The puff of flame misses you. The orc hits you but does no damage.
The orc wizard hits you but does no damage.
The orc barely misses you.
You barely miss the orc. You hit the orc wizard. You burn the orc wizard.
The orc wizard hits you but does no damage.
The orc barely misses you.
Unknown command.
Unknown command.
You slash the orc! You burn the orc.
You kill the orc!
You closely miss the orc wizard.
The orc wizard points at you and mumbles some strange words.
The magic dart hits you!
* * * LOW HITPOINT WARNING * * *
The orc wizard mumbles some strange words.
The orc wizard flickers and vanishes!
Deactivating autopickup; reactivate with Ctrl-A.
The adder bites you.
* * * LOW HITPOINT WARNING * * *
Things that are here:
a +0 trident; a +0 leather armour; an orc corpse You block the adder's attack.
Something hits you.
You die...

#.# ##.## #.##
#....##.. .
.P.♣.#..
...♣.P.#.####
#?.♣_P♣.....# #
#..PP..†)...#.#
#.♣...S{)..#.#
##.#..@)..?..#
..............#
........)...(.#
####....))....##
#.###.###....
... #.###.#####
### #..........
###..##.### #..#


You could see an adder.

Vanquished Creatures
  An orc wizard (D:3)
  2 adders (D:2)
  5 dart slugs
  6 orcs (D:3)
  6 endoplasms
  5 hobgoblins
  2 quokkas
  2 ball pythons
  3 bats
  2 frilled lizards (D:1)
  4 goblins
  3 kobolds (D:1)
  3 rats (D:2)
44 creatures vanquished.

Notes
Turn   | Place    | Note
-------+----------+-------------------------------------------
     0 | D:1      | bande the Gargoyle Fighter began the quest for the Orb.
     0 | D:1      | Reached XP level 1. HP: 14/14 MP: 1/1
   986 | D:1      | Reached XP level 2. HP: 19/20 MP: 2/2
  1679 | D:2      | Reached XP level 3. HP: 24/24 MP: 3/3
  1991 | D:2      | Reached XP level 4. HP: 29/29 MP: 4/4
  2334 | D:3      | Found a faded altar of an unknown god.
  2354 | D:3      | Reached skill level 4 in Armour
  2362 | D:3      | HP: 1/29 [adder (2)]
  2363 | D:3      | Slain by an orc wizard

Illustrated notes

Levels and vault maps discovered:
D:1:      dpeg_arrival_simpleton_c, layout_loops_cross
D:2:      layout_basic, grunt_ministairs_4
D:3:      layout_loops_ring, ebering_ecumenical_altar_petrified

Skill      XL: |  1  2  3  4 |
---------------+-------------+-----
Axes           | 2 3 |  3.4
Armour         | 4 |  4.0
Fighting       | |  3.8
Shields        | |  3.4

Action                   |  1- 3 |  4- 6 || total
-------------------------+-------+-------++-------
Melee: War axe           |   100 |    39 ||   139
  Use: Scroll            |     3 |     2 ||     5
Armor: Scale mail        |    59 |    42 ||   101
Dodge: Dodged            |    51 |    46 ||    97
Block: Buckler           |    19 |    19 ||    38

Table legend: (Time is in decaauts)
 A = Elapsed time spent in this place.
 B = Non-inter-level travel time spent in this place.
 C = Inter-level travel time spent in this place.
 D = Time resting spent in this place.
 E = Time spent auto-exploring this place.
 F = Levels seen in this place.
 G = Mean time per level.
                   A        B        C        D        E       F      G
               +--------+--------+--------+--------+--------+-----+--------+
         Total |   2421 |   2391 |     30 |    775 |   1164 |   3 |  807.0 |
       Dungeon |   2421 |   2391 |     30 |    775 |   1164 |   3 |  807.0 |
               +--------+--------+--------+--------+--------+-----+--------+

Top non-repeatable levels by time:
     D:1: 1585 daAuts
     D:2: 763 daAuts
     D:3: 73 daAuts
